 Dungeon Crawl Stone Soup version 0.29-a0-22-gbf593b16ee (webtiles) character file.

Game seed: 17924206234857387948

140324 rogsnak the Thaumaturge (level 17, -4/145 HPs)
             Began as a Gnoll Hedge Wizard on Jan 22, 2022.
             Was an Initiate of Gozag.
             Shot with an arrow by a naga sharpshooter (20 damage)
             ... led by Vashnia
             ... on level 2 of the Snake Pit on Jan 29, 2022.
             The game lasted 02:50:03 (42748 turns).

rogsnak the Thaumaturge (Gnoll Hedge Wizard)       Turns: 42748, Time: 02:50:04

Health: -4/145     AC: 14    Str: 11    XL:     17   Next: 30%
Magic:  24/34      EV: 15    Int: 21    God:    Gozag
Gold:   8764       SH:  8    Dex: 11    Spells: 22/42 levels left

rFire   + . .      SeeInvis .   p - +5 eveningstar (holy)
rCold   . . .      Faith    .   C - +2 buckler {AC+3}
rNeg    . . .      Spirit   .   h - +2 leather armour {rF+}
rPois   +          Reflect  .   y - +0 helmet
rElec   .          Harm     .   H - scarf {shadows}
rCorr   .          Rampage  .   k - +0 pair of gloves
Will    +....                   Y - +0 pair of boots
Stlth   +++++.....              S - amulet of magic regeneration
HPRegen 0.34/turn               w - ring of poison resistance
MPRegen 0.64/turn               Q - ring of wizardry

@: no status effects
A: fangs 1, strong nose, distributed training, iridescent scales 1, deformed
body, mutation resistance 1, robust 1
a: Renounce Religion, Potion Petition, Call Merchant, Bribe Branch


You were on level 2 of the Snake Pit.
You worshipped Gozag.
Gozag was greatly pleased with you.
You visited 5 branches of the dungeon, and saw 26 of its levels.
You also visited: Ice Cave and Volcano.

You collected 9928 gold pieces.
You spent 908 gold pieces at shops.
You paid 256 gold pieces to Gozag.

Inventory:

Hand Weapons
 b - a +2 short sword of venom
 p - a +5 eveningstar of holy wrath (weapon)
 U - the +7 broad axe of Qyheg {vorpal, rF+}
   (You bought it in a shop on level 2 of the Orcish Mines)

   It inflicts extra damage upon your enemies.
   rF:        It protects you from fire.
Missiles
 i - 5 boomerangs of dispersal
 o - 46 poisoned darts (quivered)
 r - 6 silver javelins
 B - 3 throwing nets
 M - 10 atropa-tipped darts
 W - 9 curare-tipped darts
Armour
 h - a +2 leather armour of fire resistance (worn)
 k - a +0 pair of gloves (worn)
 y - a +0 helmet (worn)
 C - a +2 buckler of protection (worn)
 D - a +2 robe of resistance
 H - a scarf of shadows (worn)
 J - the +0 storm dragon scales of Obiomy Ahue {rElec rPois Will+}
   (You found it in an ice cave)

   rElec:     It insulates you from electricity.
   rPois:     It protects you from poison.
   Will:      It increases your willpower.
 Y - a +0 pair of boots (worn)
Jewellery
 e - a ring of protection from fire
 w - a ring of poison resistance (left hand)
 G - a ring of protection from cold
 P - a ring of resist corrosion
 Q - a ring of wizardry (right hand)
 S - an amulet of magic regeneration (around neck)
 T - a ring of magical power
Wands
 d - a wand of digging (3)
 s - a wand of acid (4)
 x - a wand of iceblast (31)
 A - a wand of polymorph (9)
 I - a wand of charming (21)
Scrolls
 a - 2 scrolls of summoning
 c - a scroll of fear
 j - 3 scrolls of magic mapping
 l - 5 scrolls of blinking
 m - 4 scrolls of fog
 n - 4 scrolls of enchant armour
 q - 7 scrolls of teleportation
 K - 3 scrolls of amnesia
 X - 2 scrolls of brand weapon
Potions
 f - 2 potions of invisibility
 t - 4 potions of might
 v - 4 potions of mutation
 z - 3 potions of curing
 E - 5 potions of flight
 F - 11 potions of heal wounds
 L - 4 potions of haste
 N - 3 potions of brilliance
 O - 5 potions of ambrosia
 Z - a potion of resistance
Miscellaneous
 g - a tin of tremorstones (2/2)
 u - a lightning rod (4/4)
 R - a phantom mirror
 V - a piece from Xom's chessboard (15/15)


   Skills:
 + Level 11.6 Fighting
 + Level 11.6 Short Blades
 + Level 11.6 Long Blades
 + Level 11.6 Axes
 + Level 11.6 Maces & Flails
 + Level 11.6 Polearms
 + Level 11.6 Staves
 + Level 11.6 Slings
 + Level 11.6 Bows
 + Level 11.6 Crossbows
 + Level 11.6 Throwing
 + Level 11.6 Armour
 + Level 12.4 Dodging
 + Level 12.3 Stealth
 + Level 11.6 Shields
 + Level 11.6 Unarmed Combat
 + Level 13.4 Spellcasting
 + Level 10.0 Conjurations
 + Level 9.8 Hexes
 + Level 10.0 Summonings
 + Level 9.8 Necromancy
 + Level 10.0 Translocations
 + Level 9.8 Transmutations
 + Level 9.8 Fire Magic
 + Level 9.8 Ice Magic
 + Level 9.8 Air Magic
 + Level 9.8 Earth Magic
 + Level 9.8 Poison Magic
 + Level 12.5 Invocations
 + Level 11.6 Evocations


You had 22 spell levels left.
You knew the following spells:

 Your Spells              Type           Power      Damage    Failure   Level
b - Blink                 Tloc           100%       N/A       1%          2
c - Mephitic Cloud        Conj/Pois/Air  53%        N/A       1%          3
d - Sticky Flame          Conj/Fire      54%        2d7       1%          4
e - Borgnjor's Vile Clut  Necr/Erth      26%        N/A       1%          5
f - Iron Shot             Conj/Erth      27%        9d6       7%          6

Your spell library contained the following spells:

 Spells                   Type           Power      Damage    Failure   Level
 Freeze                   Ice            100%       1d11      1%          1
 Magic Dart               Conj           100%       1d8       1%          1
 Pain                     Necr           100%       1d9       1%          1
 Shock                    Conj/Air       100%       1d9       1%          1
 Slow                     Hex            100%       N/A       1%          1
 Sting                    Tmut/Pois      100%       1d8       1%          1
 Summon Small Mammal      Summ           100%       N/A       1%          1
 Call Imp                 Summ           54%        N/A       1%          2
 Corpse Rot               Necr/Air       100%       N/A       1%          2
 Ensorcelled Hibernation  Hex/Ice        100%       N/A       1%          2
 Passwall                 Tmut/Erth      44%        N/A       1%          2
 Poisonous Vapours        Pois/Air       100%       N/A       1%          2
 Sublimation of Blood     Necr           53%        N/A       1%          2
 Call Canine Familiar     Summ           54%        N/A       1%          3
 Conjure Flame            Conj/Fire      54%        6-21      1%          3
 Frozen Ramparts          Ice            100%       1d12      1%          3
 Gell's Gravitas          Tloc           54%        N/A       1%          3
 Ignite Poison            Fire/Tmut/Pois 53%        N/A       1%          3
 Ozocubu's Armour         Ice            53%        N/A       1%          3
 Portal Projectile        Hex/Tloc       100%       N/A       1%          3
 Swiftness                Air            53%        N/A       1%          3
 Teleport Other           Tloc           54%        N/A       1%          3
 Tukima's Dance           Hex            53%        N/A       1%          3
 Airstrike                Air            26%        N/A       1%          4
 Anguish                  Hex/Necr       26%        N/A       1%          4
 Animate Armour           Summ/Erth      100%       N/A       1%          4
 Animate Dead             Necr           26%        N/A       1%          4
 Hailstorm                Conj/Ice       54%        3d12      1%          4
 Leda's Liquefaction      Hex/Erth       26%        N/A       1%          4
 Passage of Golubria      Tloc           54%        N/A       1%          4
 Petrify                  Tmut/Erth      53%        N/A       1%          4
 Agony                    Necr           53%        N/A       1%          5
 Alistair's Intoxication  Tmut/Pois      35%        N/A       1%          5
 Blade Hands              Tmut           26%        N/A       1%          5
 Irradiate                Conj/Tmut      27%        3d22      1%          5
 Metabolic Englaciation   Hex/Ice        26%        N/A       1%          5
 Summon Forest            Summ/Tloc      27%        N/A       1%          5
 Summon Mana Viper        Hex/Summ       54%        N/A       1%          5
 Yara's Violent Unravell  Hex/Tmut       26%        3d11      1%          5
 Dispersal                Tloc           27%        N/A       6%          6
 Summon Cactus Giant      Summ           27%        N/A       6%          6
 Death Channel            Necr           26%        N/A       8%          6
 Eringya's Noxious Bog    Tmut/Pois      26%        N/A       8%          6
 Statue Form              Tmut/Erth      35%        N/A       8%          6
 Ozocubu's Refrigeration  Ice            26%        4d10      36%         7


Dungeon Overview and Level Annotations

Branches:
Dungeon (15/15)            Temple (1/1) D:7            Lair (6/6) D:8
  Swamp (0/4) Lair:3        Snake (2/4) Lair:2        Slime (0/5) Lair:5
    Orc (2/2) D:11            Elf (0/3) Orc:2        Vaults (0/5) D:13
 Depths (0/4) D:15          IceCv (visited)         Volcano (visited)

Altars:
Ashenzari
Cheibriados
Dithmenos
Elyvilon
Fedhas
Gozag
Hepliaklqana
Kikubaaqudgha
Makhleb
Nemelex Xobeh
Okawaru
Qazlal
Ru
Sif Muna
Trog
Uskayaw
Vehumet
Wu Jian
Xom
Yredelemnul
Zin
The Shining One
Beogh

Shops:
D:4 *   D:5 !   D:11 [   Orc:2 (****

Annotations:
Snake:2 Azrael, Jorgrun, Vashnia


Innate Abilities, Weirdness & Mutations

You have very sharp teeth.
Your uncanny sense of smell can sniff out nearby items.
Your experience applies equally to all skills.
You are partially covered in iridescent scales. (AC +2)
Armour fits poorly on your strangely shaped body.
You are somewhat resistant to further mutation.
You are robust. (+10% HP)


Message History

The naga sharpshooter casts a spell.
The naga sharpshooter magically shoots an arrow.
The arrow misses you.
The naga sharpshooter shouts!
Vashnia unwields a +1 dire flail of draining.
Vashnia wields a +0 arbalest.
Vashnia gestures wildly while chanting.
Vashnia magically shoots a bolt.
You block the bolt.
The naga sharpshooter unwields a +0 broad axe.
The naga sharpshooter wields a +0 longbow.
The naga sharpshooter shoots an arrow.
The arrow hits you!
The naga sharpshooter mumbles some strange words.
The naga sharpshooter magically shoots an arrow.
The arrow hits you but does no damage.
Vashnia shoots a bolt.
The bolt hits you!!
The naga sharpshooter shoots an arrow.
The arrow hits you!
* * * LOW HITPOINT WARNING * * *
You hear a grinding noise.
The naga sharpshooter gestures wildly while chanting.
The naga sharpshooter magically shoots an arrow.
The arrow barely misses you.
There is a stone staircase leading down here.
A naga sharpshooter comes into view. It is wielding a +0 battleaxe.
The naga sharpshooter mumbles some strange words.
The naga sharpshooter magically shoots an arrow.
You block the arrow.
Some rock shatters into small pieces.
Vashnia gestures wildly while chanting.
Vashnia magically shoots a bolt.
The bolt hits you!
* * * LOW HITPOINT WARNING * * *
The naga sharpshooter casts a spell.
The naga sharpshooter magically shoots an arrow.
You block the arrow.
Jorgrun points at the rock wall and mumbles some strange words.
You hear a grinding noise.
Vashnia casts a spell.
Vashnia magically shoots a bolt.
The bolt hits you!
* * * LOW HITPOINT WARNING * * *
You hear a grinding noise.
The naga sharpshooter shoots an arrow.
The arrow hits you!!
You die...
Your body crumbles into a pile of gold.

#...N.#.....###### .
#...N....##......#
..#######.N.N..N.(..#### $
.......N...NN#..#...#
###...#####........# #...#
#....#...# ####...#
#..[.##### ##......#
#...###
........#####@....#
##......##...##...#
######...........#
#...#......###
######...##......#
#...##...........######
####...####.........##...#
.......###....#.##.......#
######.?....)##.##.......#


You could see Vashnia and 3 naga sharpshooters.

Vanquished Creatures
  A nagaraja (Snake:2)
  2 orc warlords (Orc:1)
  A frost giant (IceCv)
  A fire dragon (Lair:6)
  Josephine (Orc:2)
  Erolcha (D:9)
  6 hydras
  4 vault guards (D:13)
  4 naga warriors
  2 ogre magi
  A salamander tyrant (Snake:2)
  6 boulder beetles
  4 centaur warriors
  5 anacondas
  13 two-headed ogres
  A death yak (IceCv)
  3 orc high priests (Orc:2)
  5 tengu warriors (D:15)
  3 shock serpents
  A hell knight (Volcano)
  Urug (Orc:2)
  5 naga sharpshooters
  6 skeletal warriors
  A salamander mystic (Snake:2)
  3 sea snakes (Snake:2)
  A naga ritualist (Snake:1)
  4 orc knights (Orc:2)
  6 lindwurms
  2 deep elf pyromancers
  A necromancer (D:15)
  3 mana vipers (Snake:1)
  3 wizards (D:15)
  A deep elf zephyrmancer (D:15)
  6 orc sorcerers
  An oklob plant (Lair:2)
  A will-o-the-wisp (Lair:3)
  12 ugly things
  6 cyclopes
  7 manticores
  6 elephants (Lair:6)
  A moth of wrath (shapeshifter) (D:13)
  A guardian serpent (Snake:1)
  7 salamanders
  13 cane toads
  21 black mambas
  5 molten gargoyles
  An ice statue (IceCv)
  4 naga magi (Snake:1)
  4 orange demons (D:13)
  A gargoyle (D:6)
  3 rime drakes
  An unseen horror (D:13)
  A redback zombie (D:15)
  14 komodo dragons
  2 tengu conjurers (D:15)
  2 ice devils (Lair:5)
  A guardian mummy (D:14)
  6 trolls
  13 polar bears
  Prince Ribbit (D:5)
  5 dream sheep (Lair:3)
  A harpy skeleton (D:15)
  2 hornets
  11 slime creatures
  8 blink frogs (Lair:1)
  Sigmund (D:6)
  A centaur simulacrum (D:15)
  89 yaks
  2 shadows
  6 wyverns
  7 wraiths
  2 fire bats (Volcano)
  Eustachio (D:4)
  12 basilisks
  A vampire (D:13)
  A fire elemental (Snake:2)
  6 vampire mosquitoes
  3 steam dragons
  A warg (Orc:1)
  15 water moccasins
  9 nagas
  An acid dragon (D:13)
  3 hell hounds (Lair:6)
  32 orc warriors
  3 black bears
  A hornet zombie (D:14)
  A necrophage (D:6)
  A sky beast (D:7)
  11 centaurs
  8 ogres
  19 wolves
  4 kobold brigands (D:10)
  2 phantoms (D:11)
  17 bullfrogs
  A gnoll sergeant (D:5)
  5 scorpions
  2 wyvern zombies
  2 troll zombies (D:11)
  A water moccasin skeleton (D:5)
  9 killer bees (D:9)
  5 wights
  7 howler monkeys
  12 lava snakes
  11 centaur zombies
  A bullfrog zombie (D:6)
  A jelly (D:4)
  2 hounds (D:5)
  Crazy Yiuf (D:5)
  19 orc priests
  A bullfrog skeleton (D:5)
  Ijyb (D:3)
  3 iguanas
  A scorpion zombie (D:5)
  21 orc wizards
  2 killer bee zombies
  6 ogre zombies (D:11)
  3 hound skeletons (D:4)
  3 mummies (D:14)
  A howler monkey zombie (D:8)
  6 gnolls
  9 adders
  2 white imps
  An ufetubus (D:4)
  2 worms
  2 dart slugs
  79 orcs
  14 ball pythons
  4 bats
  5 endoplasms
  A giant cockroach (D:1)
  5 goblins
  11 hobgoblins
  6 jackals
  21 kobolds
  7 quokkas
  2 frilled lizards
  3 goblin zombies (D:11)
  A hobgoblin skeleton (D:11)
  2 hobgoblin zombies (D:11)
  6 orc skeletons (D:11)
  12 orc zombies (D:11)
  9 rats
861 creatures vanquished.

Vanquished Creatures (others)
  A human (D:8)
  An electric eel (Snake:2)
  2 orcs
  A bush (Lair:6)
  4 foxfires (Lair:3)
  58 fungi
  60 plants
  5 toadstools (D:7)
  A withered plant (D:14)
133 creatures vanquished.

Grand Total: 994 creatures vanquished

Notes
Turn   | Place    | Note
-------+----------+-------------------------------------------
     0 | D:1      | rogsnak the Gnoll Hedge Wizard began the quest for the Orb.
     0 | D:1      | Reached XP level 1. HP: 13/13 MP: 8/8
   244 | D:1      | Reached XP level 2. HP: 19/19 MP: 7/10
   649 | D:1      | Reached XP level 3. HP: 25/25 MP: 7/11
   652 | D:1      | Learned a level 2 spell: Blink
   656 | D:1      | Learned a level 3 spell: Mephitic Cloud
  1237 | D:2      | Reached skill level 1 in Invocations
  1441 | D:2      | Reached skill level 1 in Fighting
  1441 | D:2      | Reached skill level 1 in Short Blades
  1441 | D:2      | Reached skill level 1 in Long Blades
  1441 | D:2      | Reached skill level 1 in Axes
  1441 | D:2      | Reached skill level 1 in Maces & Flails
  1441 | D:2      | Reached skill level 1 in Polearms
  1441 | D:2      | Reached skill level 1 in Staves
  1441 | D:2      | Reached skill level 1 in Slings
  1441 | D:2      | Reached skill level 1 in Bows
  1441 | D:2      | Reached skill level 1 in Crossbows
  1441 | D:2      | Reached skill level 1 in Throwing
  1441 | D:2      | Reached skill level 1 in Armour
  1441 | D:2      | Reached skill level 1 in Shields
  1441 | D:2      | Reached skill level 1 in Unarmed Combat
  1441 | D:2      | Reached skill level 1 in Evocations
  1614 | D:2      | Reached XP level 4. HP: 25/32 MP: 4/13
  2098 | D:2      | Reached skill level 1 in Hexes
  2098 | D:2      | Reached skill level 1 in Necromancy
  2098 | D:2      | Reached skill level 1 in Transmutations
  2098 | D:2      | Reached skill level 1 in Fire Magic
  2098 | D:2      | Reached skill level 1 in Ice Magic
  2098 | D:2      | Reached skill level 1 in Air Magic
  2098 | D:2      | Reached skill level 1 in Earth Magic
  2098 | D:2      | Reached skill level 1 in Poison Magic
  2395 | D:3      | Found a faded altar of an unknown god.
  2857 | D:3      | Noticed Ijyb
  2865 | D:3      | HP: 1/32 [Ijyb/iceblast (17)]
  3201 | D:4      | Reached XP level 5. HP: 37/37 MP: 2/14
  3343 | D:4      | Noticed an ogre
  3506 | D:3      | Killed Ijyb
  3985 | D:4      | Killed an ogre
  3986 | D:4      | Reached XP level 6. HP: 44/44 MP: 10/16
  4148 | D:4      | Found Zin's Purification Station.
  4151 | D:4      | Found a glowing silver altar of Zin.
  4168 | D:4      | Found a bloodstained altar of Trog.
  4478 | D:4      | Reached skill level 5 in Dodging
  4963 | D:5      | Entered Level 5 of the Dungeon
  4984 | D:5      | Reached XP level 7. HP: 37/50 MP: 13/18
  5648 | D:5      | Noticed Eustachio
  5747 | D:4      | Killed Eustachio
  5748 | D:4      | Reached skill level 5 in Stealth
  5882 | D:5      | Reached XP level 8. HP: 56/57 MP: 13/19
  6072 | D:5      | Found Zyeseclu's Distillery.
  6294 | D:5      | Found a runed translucent door.
  6295 | D:5      | Noticed Crazy Yiuf
  6304 | D:5      | Killed Crazy Yiuf
  6592 | D:6      | Noticed Prince Ribbit
  6594 | D:6      | Noticed a cyclops
  6619 | D:5      | Killed Prince Ribbit
  7142 | D:6      | Noticed a gargoyle
  7227 | D:6      | Reached skill level 8 in Spellcasting
  7382 | D:6      | Noticed Sigmund
  8452 | D:7      | Reached XP level 9. HP: 65/65 MP: 21/21
  8491 | D:7      | Found a sparkling altar of Nemelex Xobeh.
  8540 | D:7      | Found a shadowy altar of Dithmenos.
  8547 | D:7      | Found a broken altar of Ashenzari.
  9087 | D:7      | Found a staircase to the Ecumenical Temple.
  9093 | Temple   | Entered the Ecumenical Temple
  9179 | Temple   | Became a worshipper of Gozag Ym Sagoz the Greedy
  9888 | D:8      | Found an ancient bone altar of Kikubaaqudgha.
  9916 | D:8      | Found a white marble altar of Elyvilon.
  9932 | D:8      | Learned a level 4 spell: Sticky Flame
  9950 | D:8      | Found a staircase to the Lair.
 10039 | D:8      | Noticed a two-headed ogre
 10078 | D:8      | Killed a two-headed ogre
 10079 | D:8      | Reached skill level 5 in Invocations
 10380 | D:8      | Reached XP level 10. HP: 50/73 MP: 19/22
 11233 | D:6      | Killed a gargoyle
 11234 | D:6      | Reached skill level 5 in Fighting
 11234 | D:6      | Reached skill level 5 in Short Blades
 11234 | D:6      | Reached skill level 5 in Long Blades
 11234 | D:6      | Reached skill level 5 in Axes
 11234 | D:6      | Reached skill level 5 in Maces & Flails
 11234 | D:6      | Reached skill level 5 in Polearms
 11234 | D:6      | Reached skill level 5 in Staves
 11234 | D:6      | Reached skill level 5 in Slings
 11234 | D:6      | Reached skill level 5 in Bows
 11234 | D:6      | Reached skill level 5 in Crossbows
 11234 | D:6      | Reached skill level 5 in Throwing
 11234 | D:6      | Reached skill level 5 in Armour
 11234 | D:6      | Reached skill level 5 in Shields
 11234 | D:6      | Reached skill level 5 in Unarmed Combat
 11234 | D:6      | Reached skill level 5 in Evocations
 11552 | D:6      | Killed a cyclops
 11638 | D:6      | Killed Sigmund
 11775 | D:9      | Noticed Erolcha
 11828 | D:9      | Reached skill level 9 in Spellcasting
 11864 | D:9      | Upgraded the game from 0.28-a0-1616-g050a50673c to
                  | 0.28-a0-1624-g820543e53a
 12045 | D:9      | Reached skill level 5 in Conjurations
 12045 | D:9      | Reached skill level 5 in Summonings
 12045 | D:9      | Reached skill level 5 in Translocations
 12351 | D:9      | Learned a level 5 spell: Borgnjor's Vile Clutch
 12491 | D:9      | Reached XP level 11. HP: 50/81 MP: 14/24
 12655 | D:9      | Killed Erolcha
 12982 | D:9      | Reached skill level 5 in Hexes
 12982 | D:9      | Reached skill level 5 in Necromancy
 12982 | D:9      | Reached skill level 5 in Transmutations
 12982 | D:9      | Reached skill level 5 in Fire Magic
 12982 | D:9      | Reached skill level 5 in Ice Magic
 12982 | D:9      | Reached skill level 5 in Air Magic
 12982 | D:9      | Reached skill level 5 in Earth Magic
 12982 | D:9      | Reached skill level 5 in Poison Magic
 13061 | D:10     | Entered Level 10 of the Dungeon
 13273 | D:10     | Paralysed by a kobold brigand for 3 turns
 13786 | D:10     | Found a basalt altar of Yredelemnul.
 13792 | D:10     | Found a hide-covered altar of Uskayaw.
 13837 | D:10     | Noticed a two-headed ogre
 13847 | D:10     | Killed a two-headed ogre
 14440 | D:10     | Found a faded altar of an unknown god.
 14442 | D:10     | Found a hazy altar of Hepliaklqana.
 15293 | D:11     | Noticed a red ugly thing
 15335 | D:11     | Found Fumaesh's Antique Armour Shoppe.
 15415 | D:11     | Bought a masterwork chain mail for 247 gold pieces
 15415 | D:11     | Identified the +11 chain mail of Orthodoxy {rF+ Int-2
                  | Slay+6} (You bought it in a shop on level 11 of the
                  | Dungeon)
 15876 | D:11     | Noticed a lindwurm
 15968 | D:11     | Noticed a two-headed ogre
 15984 | D:11     | Noticed a lindwurm
 16185 | D:11     | Found a staircase to the Orcish Mines.
 16199 | D:11     | Killed a two-headed ogre
 16200 | D:11     | Reached skill level 10 in Spellcasting
 16200 | D:11     | Reached XP level 12. HP: 87/89 MP: 20/26
 17142 | D:12     | Noticed a boulder beetle
 17223 | D:12     | Noticed a five-headed hydra
 17475 | D:12     | Killed a five-headed hydra
 17655 | D:12     | Noticed a boulder beetle
 17738 | D:12     | Killed a boulder beetle
 18300 | D:12     | Noticed a two-headed ogre
 18307 | D:12     | Killed a two-headed ogre
 18344 | D:12     | You fall into a shaft and drop 2 floors!
 18411 | D:12     | Killed a boulder beetle
 18830 | D:12     | Identified the +8 hunting sling of True Grit {freeze, Drain
                  | rN++ rCorr}
 18845 | D:12     | Noticed a two-headed ogre
 18858 | D:12     | Killed a two-headed ogre
 19303 | D:13     | Reached XP level 13. HP: 79/98 MP: 18/27
 19429 | D:13     | Gained mutation: You are weak. (Str -2) [potion of
                  | mutation]
 19429 | D:13     | Gained mutation: Potions are less effective at restoring
                  | your health. [potion of mutation]
 19438 | D:13     | Lost mutation: You are weak. (Str -2) [potion of mutation]
 19438 | D:13     | Lost mutation: Potions are less effective at restoring your
                  | health. [potion of mutation]
 19438 | D:13     | Gained mutation: Your body sometimes deteriorates upon
                  | taking damage. [potion of mutation]
 19438 | D:13     | Gained mutation: You have large cloven feet. [potion of
                  | mutation]
 19438 | D:13     | Gained mutation: You are agile. (Dex +2) [potion of
                  | mutation]
 19441 | D:13     | Lost mutation: Your body sometimes deteriorates upon taking
                  | damage. [potion of mutation]
 19441 | D:13     | Lost mutation: You are agile. (Dex +2) [potion of mutation]
 19441 | D:13     | Gained mutation: You are dopey. (Int -2) [potion of
                  | mutation]
 19441 | D:13     | Gained mutation: You are strong-willed. (Will+) [potion of
                  | mutation]
 19442 | D:13     | Lost mutation: You are dopey. (Int -2) [potion of mutation]
 19442 | D:13     | Lost mutation: You have large cloven feet. [potion of
                  | mutation]
 19442 | D:13     | Lost mutation: You are strong-willed. (Will+) [potion of
                  | mutation]
 19442 | D:13     | Gained mutation: Armour fits poorly on your strangely
                  | shaped body. [potion of mutation]
 19442 | D:13     | Gained mutation: You are partially covered in iridescent
                  | scales. (AC +2) [potion of mutation]
 19442 | D:13     | Gained mutation: You are robust. (+10% HP) [potion of
                  | mutation]
 19442 | D:13     | Gained mutation: You are somewhat resistant to further
                  | mutation. [potion of mutation]
 20155 | D:13     | Got Korgha Zepse's Papyrus of Stolen Souls
 20313 | D:13     | Found a gate to the Vaults.
 20313 | D:13     | Noticed a vault guard
 20313 | D:13     | Noticed a vault guard
 20313 | D:13     | Noticed a vault guard
 20313 | D:13     | Noticed a vault guard
 20320 | D:13     | Killed a vault guard
 20619 | D:13     | Killed a vault guard
 20820 | D:13     | Killed a vault guard
 20919 | D:13     | Reached skill level 11 in Spellcasting
 20996 | D:13     | Killed a vault guard
 21744 | D:13     | Learned a level 6 spell: Iron Shot
 23072 | D:14     | Reached skill level 10 in Dodging
 23072 | D:14     | Reached XP level 14. HP: 64/116 MP: 3/29
 23733 | D:15     | Entered Level 15 of the Dungeon
 23899 | D:15     | Reached skill level 10 in Stealth
 24609 | D:15     | Reached skill level 10 in Invocations
 25488 | D:15     | Found a staircase to the Depths.
 25885 | Lair:1   | Entered Level 1 of the Lair of Beasts
 26506 | Lair:1   | Identified the +4 scimitar of Victory {vorpal, rF- Dex+7
                  | Stlth+}
 27335 | Lair:1   | Reached skill level 12 in Spellcasting
 27588 | Lair:2   | Reached XP level 15. HP: 122/126 MP: 19/31
 28113 | Lair:2   | Found a staircase to the Snake Pit.
 28183 | Lair:3   | Found a staircase to the Swamp.
 29138 | Lair:3   | Reached skill level 10 in Fighting
 29138 | Lair:3   | Reached skill level 10 in Short Blades
 29138 | Lair:3   | Reached skill level 10 in Long Blades
 29138 | Lair:3   | Reached skill level 10 in Axes
 29138 | Lair:3   | Reached skill level 10 in Maces & Flails
 29138 | Lair:3   | Reached skill level 10 in Polearms
 29138 | Lair:3   | Reached skill level 10 in Staves
 29138 | Lair:3   | Reached skill level 10 in Slings
 29138 | Lair:3   | Reached skill level 10 in Bows
 29138 | Lair:3   | Reached skill level 10 in Crossbows
 29138 | Lair:3   | Reached skill level 10 in Throwing
 29138 | Lair:3   | Reached skill level 10 in Armour
 29138 | Lair:3   | Reached skill level 10 in Shields
 29138 | Lair:3   | Reached skill level 10 in Unarmed Combat
 29138 | Lair:3   | Reached skill level 10 in Evocations
 29358 | Lair:3   | Got An Introduction to Hermeneutics
 29450 | Lair:4   | Found a hide-covered altar of Uskayaw.
 29451 | Lair:4   | Found an ornate altar of the Wu Jian Council.
 30349 | Lair:4   | You fall into a shaft and drop 2 floors!
 30349 | Lair:6   | Entered Level 6 of the Lair of Beasts
 30903 | Lair:5   | Found a frozen archway.
 30929 | IceCv    | Entered an ice cave
 32224 | IceCv    | Noticed a frost giant
 32286 | IceCv    | Killed a frost giant
 32476 | IceCv    | Identified the +0 storm dragon scales of Obiomy Ahue {rElec
                  | rPois Will+}
 32489 | IceCv    | Got the Collected Works on the Glacier
 32545 | Lair:5   | Upgraded the game from 0.28-a0-1624-g820543e53a to
                  | 0.28-a0-1638-g9123634e07
 32546 | Lair:5   | Upgraded the game from 0.28-a0-1638-g9123634e07 to
                  | 0.29-a0-2-g12fcac58f8
 33106 | Lair:5   | Found a staircase to the Slime Pits.
 33784 | Lair:6   | Reached XP level 16. HP: 135/135 MP: 29/32
 33906 | Lair:6   | Identified the +0 robe of Joero {+Inv rC- rN+++ Slay+3}
 34509 | Lair:6   | Found a large runed translucent door.
 34509 | Lair:6   | Found a large runed translucent door.
 34795 | Lair:6   | Upgraded the game from 0.29-a0-2-g12fcac58f8 to
                  | 0.29-a0-9-g022ca4c890
 35147 | Orc:1    | Entered Level 1 of the Orcish Mines
 35306 | Orc:1    | Found a dark tunnel.
 35327 | Volcano  | Entered a volcano
 35668 | Volcano  | Found a bloodstained altar of Trog.
 35674 | Volcano  | Paralysed by something for 2 turns
 36069 | Orc:2    | Entered Level 2 of the Orcish Mines
 36073 | Orc:2    | Noticed Urug
 37026 | Orc:2    | Noticed Josephine
 37037 | Orc:2    | Killed Josephine
 37238 | Orc:1    | Reached skill level 13 in Spellcasting
 37735 | Orc:2    | Found a staircase to the Elven Halls.
 37899 | Orc:2    | Killed Urug
 38066 | Orc:2    | Found Jusoyr's Antique Weapon Boutique.
 38126 | Orc:2    | Bought a faintly glowing broad axe for 234 gold pieces
 38126 | Orc:2    | Identified the +7 broad axe of Qyheg {vorpal, rF+} (You
                  | bought it in a shop on level 2 of the Orcish Mines)
 38745 | Orc:2    | Paralysed by an orc sorcerer for 3 turns
 38770 | Orc:2    | Found Xylaz's General Store.
 38770 | Orc:2    | Found Kolar's Assorted Antiques.
 38777 | Orc:2    | Found Cimumie's General Store.
 38777 | Orc:2    | Found Rung's Assorted Antiques.
 38783 | Orc:2    | Bought a potion of heal wounds for 70 gold pieces
 38786 | Orc:2    | Bought a scroll of blinking for 217 gold pieces
 38791 | Orc:2    | Upgraded the game from 0.29-a0-9-g022ca4c890 to
                  | 0.29-a0-11-ga75d3d97ab
 38791 | Orc:2    | Upgraded the game from 0.29-a0-11-ga75d3d97ab to
                  | 0.29-a0-22-gbf593b16ee
 38795 | Orc:2    | Bought a potion of resistance for 140 gold pieces
 39013 | Snake:1  | Entered Level 1 of the Snake Pit
 40547 | Snake:2  | Reached XP level 17. HP: 144/144 MP: 23/34
 42035 | Snake:2  | Reached skill level 10 in Conjurations
 42035 | Snake:2  | Reached skill level 10 in Summonings
 42035 | Snake:2  | Reached skill level 10 in Translocations
 42449 | Snake:2  | Noticed Jorgrun
 42476 | Snake:2  | Noticed Azrael
 42736 | Snake:2  | Noticed Vashnia
 42748 | Snake:2  | Shot with an arrow by a naga sharpshooter

Illustrated notes

Levels and vault maps discovered:
D:1:      sevenhm_arrival_forest_fort_small_4, layout_loops_cross
D:2:      layout_loops_corners
D:3:      layout_basic, dreamdust_ecumenical_altar_grove, serial_curves,
          eino_curves_01, eino_curves_02, serial_bayou_pond_c,
          kennysheep_generic_room_12, uniq_ijyb
D:4:      minmay_polygon_palace, layout_rooms, lightli_temple_of_fire,
          zin_purify
D:5:      layout_cave_pools, serial_shops, kennysheep_little_box,
          uniq_eustachio, uniq_crazy_yiuf_cottage
D:6:      layout_cave_pools, grunt_decor_mini_mirrors, uniq_sigmund,
          uniq_prince_ribbit1
D:7:      layout_loops_ring, mainiacjoe_overflow_big_doors,
          nemelex_diamond_rough_becter, minmay_temple_entry_waves, serial_bayou,
          serial_bayou_pond_c, serial_bayou_lagoon_b, serial_bayou_shore_a,
          serial_bayou_shore_b, minivault_24, minmay_gold_behind_fungi
D:8:      layout_basic, lemuel_round_altar, tgw_kikubaaqudgha, lair_entry_dummy
D:9:      nicolae_cairo_tiling_large_dashed, layout_basic, uniq_erolcha
D:10:     layout_loops_corners, beargit_hepliaklqana_dungeon_heroes,
          mainiacjoe_overflow_catwalk_spiral, feat_on_display
D:11:     layout_roguey, zombieorc2_lemuel, serial_shops,
          nicolae_inconvenience_store, minmay_lindwurm_lava
D:12:     layout_cross, serial_column_ruins, column_ruins_square_huge,
          column_ruins_corridor_dead_end, column_ruins_open_medium,
          column_ruins_open_tiny, column_ruins_grid_3, column_ruins_grid_1,
          grunt_ogre_cave
D:13:     layout_roguey, lightli_vaults_fourway_checkpoint,
          einodemon_barbed_minivault
D:14:     layout_rooms, minivault_24, serial_undead, serial_undead_c,
          serial_undead_d, serial_undead_c, serial_undead_e,
          minmay_misc_feat_diagonals, moated_statue, hangedman_decor_riveting,
          kennysheep_generic_room_3
D:15:     grunt_enter_depths_magical_seal, layout_rooms, minmay_misc_feat_room
Temple:   minmay_temple_bridge_abc
Lair:1:   layout_roguey, grunt_megastairs_1
Lair:2:   layout_cave_shapes, dummy_snake_entry, grunt_megastairs_2
Lair:3:   layout_long_grid, minmay_swamp_entry_wisps
Lair:4:   layout_layer_cave, nzn_masters_of_martial_movement
Lair:5:   layout_cave_pods, slime_dummy, portal_ice_cave_demonic_guard,
          minivault_23
Lair:6:   cheibrodos_lair_end_hotspot, layout_regular_city, lemuel_fruit_tree
Snake:1:  cheibrodos_snake_ritualist_ritual, layout_cave_shapes,
          hangedman_snake_wide_pillar_pass
Snake:2:  layout_misc_corridors, serial_shops, nicolae_shop_stone,
          guppyfry_snake_island, uniq_vashnia, uniq_jorgrun, uniq_azrael,
          uniq_nikola
Orc:1:    layout_caves, lightli_volcano_entry_magma_tube,
          nicolae_orc_damp_corner
Orc:2:    grunt_orc_tribal_feast, layout_diamond_mine, serial_shops, shop,
          mines2_david, uniq_urug, uniq_josephine

Skill      XL: |  1  2  3  4  5  6  7  8  9 10 11 12 13 14 15 16 17 |
---------------+----------------------------------------------------+-----
Conjurations   | 2 3 4 5 6 7 8 9 10 | 10.0
Summonings     | 2 3 4 5 6 7 8 9 10 | 10.0
Translocations | 2 3 4 5 6 7 8 9 10 | 10.0
Invocations    | 1 2 3 4 5 6 7 8 9 10 11 12 | 12.5
Fighting       | 1 2 3 4 5 6 7 8 9 10 11 | 11.6
Short Blades   | 1 2 3 4 5 6 7 8 9 10 11 | 11.6
Long Blades    | 1 2 3 4 5 6 7 8 9 10 11 | 11.6
Axes           | 1 2 3 4 5 6 7 8 9 10 11 | 11.6
Maces & Flails | 1 2 3 4 5 6 7 8 9 10 11 | 11.6
Polearms       | 1 2 3 4 5 6 7 8 9 10 11 | 11.6
Staves         | 1 2 3 4 5 6 7 8 9 10 11 | 11.6
Slings         | 1 2 3 4 5 6 7 8 9 10 11 | 11.6
Bows           | 1 2 3 4 5 6 7 8 9 10 11 | 11.6
Crossbows      | 1 2 3 4 5 6 7 8 9 10 11 | 11.6
Throwing       | 1 2 3 4 5 6 7 8 9 10 11 | 11.6
Armour         | 1 2 3 4 5 6 7 8 9 10 11 | 11.6
Shields        | 1 2 3 4 5 6 7 8 9 10 11 | 11.6
Unarmed Combat | 1 2 3 4 5 6 7 8 9 10 11 | 11.6
Evocations     | 1 2 3 4 5 6 7 8 9 10 11 | 11.6
Hexes          | 1 2 3 4 5 6 7 8 9 |  9.8
Necromancy     | 1 2 3 4 5 6 7 8 9 |  9.8
Transmutations | 1 2 3 4 5 6 7 8 9 |  9.8
Fire Magic     | 1 2 3 4 5 6 7 8 9 |  9.8
Ice Magic      | 1 2 3 4 5 6 7 8 9 |  9.8
Air Magic      | 1 2 3 4 5 6 7 8 9 |  9.8
Earth Magic    | 1 2 3 4 5 6 7 8 9 |  9.8
Poison Magic   | 1 2 3 4 5 6 7 8 9 |  9.8
Dodging        | 5 6 7 8 9 10 11 12 | 12.4
Stealth        | 5 6 7 8 9 10 11 12 | 12.3
Spellcasting   | 8 9 10 11 12 13 | 13.4

Action                   |  1- 3 |  4- 6 |  7- 9 | 10-12 | 13-15 | 16-18 || total
-------------------------+-------+-------+-------+-------+-------+-------++-------
Melee: Whip              |    36 |    82 |   220 |   260 |   255 |   128 ||   981
       Bite              |     3 |    10 |    31 |    49 |    62 |    30 ||   185
       Punch             |       |       |    11 |    21 |       |       ||    32
       Dagger            |       |       |     2 |       |       |       ||     2
       Staff             |       |       |       |       |    63 |       ||    63
       Eveningstar       |       |       |       |       |       |    55 ||    55
Throw: Dart              |       |       |       |       |       |     4 ||     4
 Cast: Magic Dart        |    77 |   129 |   190 |   321 |    95 |       ||   812
       Mephitic Cloud    |       |     7 |    20 |    43 |    36 |    30 ||   136
       Blink             |       |       |     1 |       |     2 |     4 ||     7
       Sticky Flame      |       |       |     8 |   105 |   170 |    53 ||   336
       Borgnjor's Vile C |       |       |       |    32 |   160 |   133 ||   325
       Iron Shot         |       |       |       |       |   196 |   230 ||   426
Evoke: Piece from Xom's  |       |       |       |     2 |       |       ||     2
       Wand              |       |       |       |     5 |       |     2 ||     7
  Use: Scroll            |       |       |       |     6 |    17 |     1 ||    24
       Potion            |       |       |       |       |     5 |     3 ||     8
 Stab: Sleeping          |     2 |     2 |     1 |     1 |       |     1 ||     7
       Confused          |       |     3 |     7 |    19 |     4 |     6 ||    39
       Paralysed         |       |       |       |     3 |       |       ||     3
       Distracted        |       |       |       |       |     2 |     1 ||     3
Armor: Robe              |     6 |    11 |    16 |       |    12 |    15 ||    60
       Leather armour    |       |       |    22 |    92 |   103 |    59 ||   276
Dodge: Dodged            |    32 |    37 |   139 |   207 |   209 |   120 ||   744
Block: Buckler           |       |       |       |       |    97 |   111 ||   208

Table legend: (Time is in decaauts)
 A = Elapsed time spent in this place.
 B = Non-inter-level travel time spent in this place.
 C = Inter-level travel time spent in this place.
 D = Time resting spent in this place.
 E = Time spent auto-exploring this place.
 F = Levels seen in this place.
 G = Mean time per level.
                   A        B        C        D        E       F      G
               +--------+--------+--------+--------+--------+-----+--------+
         Total |  42662 |  41573 |   1089 |  16027 |   8434 |  28 | 1523.6 |
       Dungeon |  25956 |  25216 |    740 |  10391 |   6653 |  15 | 1730.4 |
        Temple |    107 |    107 |      0 |      0 |     10 |   1 |  107.0 |
          Lair |   7550 |   7263 |    287 |   1937 |   1265 |   6 | 1258.3 |
     Snake Pit |   3760 |   3741 |     19 |   2121 |     32 |   2 | 1880.0 |
  Orcish Mines |   3051 |   3009 |     42 |    698 |    259 |   2 | 1525.5 |
      Ice Cave |   1608 |   1608 |      0 |    760 |    214 |   1 | 1608.0 |
       Volcano |    627 |    627 |      0 |    119 |      0 |   1 |  627.0 |
               +--------+--------+--------+--------+--------+-----+--------+

Top non-repeatable levels by time:
    D:11: 3566 daAuts
     D:5: 2739 daAuts
    D:13: 2663 daAuts
 Snake:1: 2528 daAuts
  Lair:6: 1975 daAuts
    D:15: 1853 daAuts
     D:4: 1841 daAuts
    D:14: 1791 daAuts
   Orc:1: 1683 daAuts
   IceCv: 1608 daAuts
    D:10: 1509 daAuts
    D:12: 1490 daAuts
  Lair:1: 1481 daAuts
     D:2: 1404 daAuts
     D:7: 1395 daAuts
